 Dungeon Crawl Stone Soup version 0.25-a0-1119-g28b6fd0c3b (webtiles) character file.

Game seed: 10126684142722238996, levelgen mode: deterministic

12096 HoaS the Grappler (level 11, -1/76 HPs)
             Began as a Gargoyle Berserker on May 17, 2020.
             Was a High Priest of Trog.
             Engulfed by an ice statue's freezing vapour (14 damage)
             ... in an ice cave.
             The game lasted 00:33:32 (12306 turns).

HoaS the Grappler (Gargoyle Berserker)             Turns: 12306, Time: 00:33:33

Health: -1/76      AC: 22    Str: 29    XL:     11   Next: 88%
Magic:  11/11      EV: 27    Int:  9    God:    Trog [*****.]
Gold:   692        SH:  0    Dex:  9    Spells: 10/10 levels left

rFire    . . .     SeeInvis .     - Unarmed
rCold    . . .     Gourm    .   (no shield)
rNeg     + . .     Faith    .   u - +0 plate armour
rPois    ∞         Spirit   .   (no helmet)
rElec    +         Reflect  .   (no cloak)
rCorr    .         Harm     .   h - +0 pair of gloves
MR       .....                  g - +1 pair of boots
Stlth    ..........             n - amulet of the acrobat
HPRegen  0.22/turn              y - +6 ring of strength
MPRegen  0.12/turn              j - +4 ring of evasion

@: acrobat
A: negative energy resistance 1, electricity resistance, unbreathing,
petrification resistance, rot immunity, AC +8
a: Berserk, Trog's Hand, Brothers in Arms, Renounce Religion


You were in an ice cave.
You worshipped Trog.
Trog was extremely pleased with you.
You were not hungry.

You visited 2 branches of the dungeon, and saw 12 of its levels.
You also visited: Ice Cave.

You collected 692 gold pieces.

Inventory:

Hand Weapons
 w - a +1 shortbow
Missiles
 c - 221 arrows (quivered)
Armour
 g - a +1 pair of boots (worn)
 h - a +0 pair of gloves (worn)
 u - a +0 plate armour (worn)
Jewellery
 j - a +4 ring of evasion (right hand)
 n - an amulet of the acrobat (around neck)
 s - an uncursed ring of resist corrosion
 y - a +6 ring of strength (left hand)
Wands
 r - a wand of flame (8)
 A - a wand of acid (7)
 F - a wand of paralysis (8)
Scrolls
 a - 7 scrolls of teleportation
 f - a scroll of identify
 k - 12 scrolls of remove curse
 l - 2 scrolls of blinking
 o - 2 scrolls of fog
 z - a scroll of enchant armour
 E - a scroll of random uselessness {unknown}
 G - a scroll of torment {unknown}
 I - a scroll of fear {unknown}
Potions
 d - 2 potions of resistance
 e - 2 potions of flight
 i - 3 potions of heal wounds
 m - 2 potions of cancellation
 p - 9 potions of curing
 q - a potion of stabbing {unknown}
 t - 3 potions of ambrosia
 v - a potion of haste {unknown}
 x - a potion of mutation {unknown}
 C - a potion of magic {unknown}
 D - a potion of degeneration {unknown}
 H - a potion of might {unknown}
Comestibles
 b - 13 rations
 B - 13 chunks of flesh


   Skills:
 + Level 11.8 Fighting
 * Level 9.7 Bows
 - Level 2.1 Armour
 - Level 1.5 Dodging
 * Level 12.1 Unarmed Combat


You had 10 spell levels left.
You didn't know any spells.
Your spell library was empty.

Dungeon Overview and Level Annotations

Branches:
Dungeon (11/15)            Temple (0/1) D:7            Lair (1/6) D:11
    Orc (0/2) D:9           IceCv (1/1)

Altars:
Cheibriados
Dithmenos
Fedhas
Gozag
Hepliaklqana
Kikubaaqudgha
Makhleb
Okawaru
Qazlal
Trog
Wu Jian
Xom

Annotations:
IceCv exclusion: ice statue


Innate Abilities, Weirdness & Mutations

You are resistant to torment.
Your stone body is resilient. (AC +8)
You are immune to poison.
You resist negative energy. (rN+)
You are resistant to electric shocks. (rElec)
You can survive without breathing.
You are immune to petrification.
You are immune to rotting.


Message History

You kill the polar bear!
Trog accepts your kill.
Really walk into a travel-excluded area?
The yak bellows!
A polar bear comes into view.
The ice statue gestures at you.
You see here a wolf corpse.
You butcher the wolf corpse.
You are engulfed in freezing vapours.
The polar bear growls angrily.
Things that are here:
4 chunks of flesh; a wolf skeleton There isn't anything to butcher here.
B - 13 chunks of flesh (gained 4)
You are engulfed in freezing vapours.
The yak bellows!
The ice statue gestures.
You are engulfed in freezing vapours.
* * * LOW HITPOINT WARNING * * *
You are engulfed in freezing vapours.
You die...

. .. ... #### ..Y.
######..## .#8..##
##..##....##
#...Y○°###..........#
#.Y.(h.○#○......∩.∩.#
#...Y##○@°.##.......#
... ##..#####...÷## .
#### ##..## ####


You could see an ice statue, a polar bear, a yak and 2 ice beasts.

Vanquished Creatures
  A two-headed ogre (D:9)
  A tengu warrior (D:10)
  Nergalle (D:10)
  A manticore (D:9)
  A komodo dragon (D:11)
  A tengu conjurer (D:10)
  2 polar bears (IceCv)
  3 blink frogs (Lair:1)
  2 hippogriffs
  3 yaks (IceCv)
  A wyvern (D:9)
  4 hungry ghosts
  A steam dragon (D:9)
  Edmund (D:4)
  A two-headed ogre zombie (D:9)
  Duvessa (D:4)
  A soldier ant (D:11)
  4 porcupines
  6 orc warriors
  4 sky beasts
  An ice beast (D:9)
  6 ogres
  3 wolves (IceCv)
  4 centaurs
  3 phantoms
  2 necrophages
  A crocodile (D:10)
  2 big kobolds (D:9)
  5 bullfrogs
  A water moccasin zombie (D:7)
  Dowan (D:4)
  3 scorpions
  A troll zombie (D:9)
  4 killer bees (D:8)
  5 wights (D:7)
  A vampire bat (D:8)
  A howler monkey (D:4)
  3 centaur zombies
  6 crimson imps
  A bullfrog zombie (D:5)
  A jelly (D:8)
  A hound (D:10)
  7 orc priests
  3 bullfrog skeletons
  2 centaur skeletons
  8 orc wizards
  5 iguanas
  9 worker ants
  6 ogre zombies (D:9)
  A hound zombie (D:8)
  A hound skeleton (D:6)
  A howler monkey zombie (D:5)
  A worker ant zombie (D:8)
  13 gnolls
  11 adders
  5 shadow imps
  An ooze (D:3)
  An adder skeleton (D:5)
  3 dart slugs
  4 leopard geckos
  42 orcs
  A ball python (D:2)
  4 bat skeletons (D:8)
  3 bat zombies (D:8)
  3 giant cockroaches
  11 goblins
  2 hobgoblins
  20 jackals
  9 quokkas
  10 bats
  3 frilled lizards
  3 goblin zombies (D:9)
  2 hobgoblin skeletons (D:9)
  4 hobgoblin zombies (D:9)
  17 kobolds
  A leopard gecko skeleton (D:6)
  An orc skeleton (D:9)
  15 orc zombies (D:9)
  2 quokka skeletons
  25 rats
356 creatures vanquished.

Vanquished Creatures (others)
  A crimson imp (D:5)
  A plant (D:2)
2 creatures vanquished.

Grand Total: 358 creatures vanquished

Notes
Turn   | Place    | Note
-------+----------+-------------------------------------------
     0 | D:1      | HoaS the Gargoyle Berserker began the quest for the Orb.
     0 | D:1      | Reached XP level 1. HP: 14/14 MP: 1/1
   109 | D:1      | Reached XP level 2. HP: 19/19 MP: 2/2
   599 | D:1      | Reached XP level 3. HP: 24/24 MP: 3/3
   857 | D:2      | Reached skill level 4 in Unarmed Combat
  1001 | D:2      | Reached ** piety under Trog
  1209 | D:2      | Reached XP level 4. HP: 22/29 MP: 4/4
  1503 | D:2      | Found an ancient bone altar of Kikubaaqudgha.
  1668 | D:2      | Found an opulent altar of Gozag.
  1707 | D:2      | Found a bloodstained altar of Trog.
  1814 | D:2      | Found a hazy altar of Hepliaklqana.
  2042 | D:3      | Reached XP level 5. HP: 32/34 MP: 5/5
  2153 | D:3      | Reached skill level 5 in Unarmed Combat
  2308 | D:3      | Found a stormy altar of Qazlal.
  2309 | D:3      | Found a blossoming altar of Fedhas.
  2333 | D:3      | Found an ornate altar of the Wu Jian Council.
  2713 | D:3      | Reached XP level 6. HP: 40/40 MP: 6/6
  2714 | D:3      | Reached *** piety under Trog
  2919 | D:4      | Reached skill level 5 in Fighting
  3164 | D:4      | Noticed Dowan
  3165 | D:4      | Noticed Duvessa
  3181 | D:4      | Killed Duvessa
  3181 | D:4      | Reached skill level 6 in Unarmed Combat
  3184 | D:4      | Killed Dowan
  3184 | D:4      | Reached XP level 7. HP: 30/44 MP: 7/7
  3355 | D:4      | Noticed Edmund
  3378 | D:4      | Killed Edmund
  3378 | D:4      | Reached skill level 7 in Unarmed Combat
  3646 | D:4      | Found a shadowy altar of Dithmenos.
  3647 | D:4      | Found a burning altar of Makhleb.
  3801 | D:5      | Entered Level 5 of the Dungeon
  4030 | D:5      | Reached XP level 8. HP: 52/52 MP: 8/8
  4040 | D:5      | Reached skill level 1 in Bows
  4353 | D:5      | Reached skill level 8 in Unarmed Combat
  4884 | D:5      | Reached **** piety under Trog
  5281 | D:6      | Reached XP level 9. HP: 33/58 MP: 9/9
  5520 | D:6      | Found a bloodstained altar of Trog.
  5733 | D:6      | Reached skill level 9 in Unarmed Combat
  5906 | D:6      | Found a snail-covered altar of Cheibriados.
  6469 | D:7      | Found a staircase to the Ecumenical Temple.
  6518 | D:7      | Reached skill level 5 in Bows
  6767 | D:7      | Reached ***** piety under Trog
  7239 | D:7      | Found a burning altar of Makhleb.
  7239 | D:7      | Noticed a green death
  7710 | D:7      | Found a shimmering altar of Xom.
  7868 | D:7      | Paralysed by fainting for 11 turns
  8039 | D:8      | Reached XP level 10. HP: 64/66 MP: 10/10
  8060 | D:8      | Got a pair of jewelled gloves
  8076 | D:8      | Identified the +1 pair of gloves of Liolexko {*Corrode rF-
                  | Regen+ Dex+8} (You found it on level 8 of the Dungeon)
  8236 | D:8      | Reached skill level 10 in Unarmed Combat
  8361 | D:8      | Got a scorched scale mail
  8372 | D:8      | Identified the +2 scale mail of Miracles {Int+4} (You found
                  | it on level 8 of the Dungeon)
  8433 | D:8      | Found an iron altar of Okawaru.
  8749 | D:8      | Found an ancient bone altar of Kikubaaqudgha.
  9117 | D:9      | Noticed a two-headed ogre
  9120 | D:9      | Received a gift from Trog
  9132 | D:9      | Killed a two-headed ogre
  9132 | D:9      | Reached skill level 10 in Fighting
  9266 | D:9      | Found a staircase to the Orcish Mines.
  9410 | D:9      | Noticed a manticore
  9418 | D:9      | Killed a manticore
  9620 | D:9      | Reached skill level 11 in Unarmed Combat
  9639 | D:9      | Reached XP level 11. HP: 73/73 MP: 11/11
 10117 | D:10     | Entered Level 10 of the Dungeon
 10687 | D:10     | Noticed a tengu warrior
 10703 | D:10     | Killed a tengu warrior
 10889 | D:10     | Noticed Nergalle
 10930 | D:10     | Killed Nergalle
 11606 | D:11     | Found a staircase to the Lair.
 11901 | Lair:1   | Entered Level 1 of the Lair of Beasts
 11978 | Lair:1   | Found a frozen archway.
 12041 | IceCv    | Entered an ice cave
 12059 | IceCv    | Reached skill level 12 in Unarmed Combat
 12306 | IceCv    | Engulfed by an ice statue's freezing vapour

Illustrated notes

Levels and vault maps discovered:
D:1:      dpeg_arrival_windows_large_door, layout_basic
D:2:      wad_woods_stonehenge, layout_basic, old_standard_altar,
          nicolae_gozag_cash_rules_everything_around_me, lemuel_round_altar,
          first_ration, minmay_misc_feat_iff
D:3:      layout_rooms, grunt_temple_overflow_open, minmay_statues_item,
          minmay_rat_hole
D:4:      layout_basic, nicolae_overflow_hidden_temple, uniq_duvessa,
          uniq_edmund
D:5:      layout_gridville
D:6:      layout_cave_pools, kennysheep_mini, trog_butcher_becter
D:7:      layout_basic, lemuel_round_altar, temple_doors_ab,
          makhleb_altar_promises_db
D:8:      layout_cave_pools, okawaru_altar_gauntlet_db,
          kennysheep_vampire_church
D:9:      layout_basic, zombieorc2_lemuel
D:10:     layout_cave_pods, uniq_nergalle
D:11:     layout_long_grid, grunt_lair_entry_orc_guard_hut
Lair:1:   layout_gridlike, basic_altar, portal_ice_cave_entry_pillars_2,
          nicolae_quartered_pool_little, beast_lair_carwin_5
IceCv:    ice_cave_small_giant

Skill      XL: |  1  2  3  4  5  6  7  8  9 10 11 |
---------------+----------------------------------+-----
Unarmed Combat | 4 5 6 7 8 9 11 12 | 12.1
Fighting       | 4 5 6 7 9 10 11 | 11.8
Bows           | 3 6 8 9 |  9.7
Armour         | |  2.1
Dodging        | |  1.5

Action                   |  1- 3 |  4- 6 |  7- 9 | 10-12 || total
-------------------------+-------+-------+-------+-------++-------
Melee: Unarmed           |   116 |   278 |   500 |   582 ||  1476
       Punch             |     2 |       |    18 |    21 ||    41
 Fire: Shortbow          |       |       |       |   105 ||   105
Invok: Trog's Hand       |       |     1 |     3 |       ||     4
       Berserk           |       |       |     2 |     1 ||     3
  Use: Scroll            |       |       |    13 |     6 ||    19
  Eat: Chunk             |     1 |     7 |    15 |    19 ||    42
       Ration            |       |       |     2 |     2 ||     4
Armor: Animal skin       |    20 |       |       |       ||    20
       Chain mail        |    61 |   211 |   131 |       ||   403
       Plate armour      |       |       |   196 |   329 ||   525
Dodge: Dodged            |    63 |   122 |   193 |   363 ||   741

Table legend:
 A = Non-vault XP
 B = Vault XP
 C = Vault XP percentage of total XP
 D = Non-vault monster count
 E = Vault monster count
 F = Vault count percentage of total count
                 A         B        C        D         E       F
            +---------+---------+-------+---------+---------+-------
      Total |   12669 |    4611 |  26.7 |     260 |      97 |  27.2
            +---------+---------+-------+---------+---------+-------
        D:1 |      48 |       0 |   0.0 |      23 |       0 |   0.0
        D:2 |      68 |      38 |  35.8 |      17 |       8 |  32.0
        D:3 |     160 |      20 |  11.1 |      25 |      19 |  43.2
        D:4 |     216 |     403 |  65.1 |      11 |       3 |  21.4
        D:5 |    1265 |       0 |   0.0 |      27 |       0 |   0.0
        D:6 |     603 |     244 |  28.8 |      27 |       4 |  12.9
        D:7 |    1582 |       0 |   0.0 |      34 |       0 |   0.0
        D:8 |    1049 |      83 |   7.3 |      24 |      14 |  36.8
        D:9 |    2788 |     964 |  25.7 |      37 |      36 |  49.3
       D:10 |    2353 |     820 |  25.8 |      21 |       1 |   4.5
       D:11 |    1226 |     503 |  29.1 |       8 |       4 |  33.3
     Lair:1 |    1311 |       0 |   0.0 |       6 |       0 |   0.0
      IceCv |       0 |    1536 | 100.0 |       0 |       8 | 100.0
            +---------+---------+-------+---------+---------+-------
